← All builds
Air / Cortex / Economy first / OBSERVED BUILD

Standard air

Cortex Air build order · Supreme Isthmus

Economy-first air build: Aircraft Plant then Advanced Metal Extractor and Fusion Reactor, making transports and scouts for allies while transitioning into fighters and occasional bombers over the whole game.

Usually transports first (78%)

#eco #air #team support · 1529 distinct matches · 254 players · 81% of Cortex Air games · team won 46% of 1836 · Recently observed

HOW TO PLAY IT

Key timing: Aircraft Plant by 1:24

  1. Open 3 mex and wind, then drop Aircraft Plant early.
  2. Finish Aircraft Plant and start fighters for scouting and defense.
  3. Eat the Aircraft Plant once production needs outgrow it.
  4. Get Advanced Metal Extractor up to scale eco.
  5. Bring Fusion Reactor online and keep feeding transports, scouts, fighters to allies.

Phase by phase

TYPICAL OF ITS 1529 GAMES
  1. 1
  2. 2
  3. 3
PLAY THE OPENING

Follow the example game's first 6:00 step by step: what to build now, what comes next, and where it goes. At 1× it keeps pace with your own game.

  1. 1

    Up to the Aircraft Plant

    Economy
    • Metal Extractor3Mex
    • Wind Turbine4Wind
    Order
    1. Aircraft PlantAircraft Plant after 3 mex, 4 winddone ~1:26, middle half 1:14–1:35

    Some games also: energy storage (38%)

    By 1:07 in all: 3 mex · 4 wind

    The example game in this phase · 3 steps
    1. Mex ×3
    2. Wind ×3
    3. Aircraft PlantAircraft Plantdone 1:10 · typical 1:26
  2. 2

    Aircraft Plant to 5:00

    Economy
    • Metal Extractor1Mex
    • Wind Turbine9Wind
    • Wind Turbine3Wind
    Builders
    • Construction Turret2 Con turret
    • Construction Aircraft1 Con aircraft
    Army
    • Valiant5 Valiant
    • Hercules2 Light transport for allies
    • Finch2 Finch for allies
    • Finch1 Finch
    • Hephaestus1 Heavy transport for allies

    Some games also: shuriken (49%) · energy storage (45%) · converter (44%) · light transport (40%)

    By 5:00 in all: 3 mex · 1 mex · 13 wind · 3 wind · 1 energy storage · 2 con turret

    The example game in this phase · 26 steps
    1. Wind
    2. ShurikenShuriken
    3. FinchFinch
    4. Wind ×2
    5. FinchFinchfor Beach sea
    6. Wind
    7. HephaestusHeavy transportfor Beach sea
    8. ValiantValiant ×2
    9. Wind
    10. FinchFinch
    11. Wind
    12. ValiantValiant
    13. Construction AircraftCon aircraft
    14. Energy storage
    15. HerculesLight transportfor Geo
    16. Mex
    17. HerculesLight transportfor Tech
    18. ShurikenShuriken ×5
    19. Wind
    20. HephaestusHeavy transportfor Pond
    21. Wind
    22. ValiantValiant
    23. FinchFinch
    24. Con turret
    25. Wind
    26. Advanced Metal ExtractorT2 mexdone 6:04 · typical 6:54
  3. 3

    5:00 to 10:00

    Economy
    • Wind Turbine21Wind
    • Wind Turbine5Wind
    • Energy Converter6Converter
    Order
    1. Aircraft PlantEat Aircraft Plant
    2. Aircraft PlantAircraft Plant after 19 wind, 18 wind, 7 converterin 58% of games
    Builders
    • Construction Turret3 Con turret
    Army
    • Valiant9 Valiant

    Some games also: shuriken (47%) · fusion (38%) · con aircraft (34%) · light transport (31%)

    By 10:00 in all: 3 mex · 1 mex · 25 wind · 20 wind · 8 converter · 1 energy storage

    The example game in this phase · 97 steps
    1. Wind
    2. HerculesLight transport
    3. Wind ×2
    4. ValiantValiant
    5. Wind
    6. ValiantValiant
    7. Con turret
    8. ValiantValiant ×2
    9. Wind
    10. Advanced Metal ExtractorT2 mex
    11. Con turret
    12. Aircraft PlantEat Aircraft Plantreclaimed for its metal
    13. Wind
    14. Con turret
    15. Wind ×4
    16. Advanced Metal ExtractorT2 mex
    17. Wind
    18. Advanced Metal ExtractorT2 mex
    19. Converter ×2
    20. Radar TowerRadar Tower
    21. Converter ×3
    22. Fusion ReactorFusiondone 9:27 · typical 10:52
    23. Con turret
    24. Converter
    25. Con turret ×2
    26. Wind
    27. Aircraft PlantAircraft Plantdone 9:53
    28. Wind
    29. ValiantValiant
    30. Wind
    31. Converter
    32. ValiantValiant ×2
    33. Wind
    34. Converter
    35. ValiantValiant ×2
    36. Converter
    37. Wind
    38. ValiantValiant ×2
    39. Converter
    40. Wind
    41. ValiantValiant ×2
    42. Converter
    43. ValiantValiant
    44. Wind
    45. ValiantValiant
    46. Converter
    47. ValiantValiant ×3
    48. Wind
    49. ValiantValiant
    50. Converter
    51. FinchFinch
    52. Converter
    53. ValiantValiant
    54. Wind
    55. Converter
    56. ValiantValiant
    57. Converter
    58. ValiantValiant
    59. Wind
    60. ValiantValiant
    61. Converter
    62. ShurikenShuriken ×2
    63. Wind
    64. ValiantValiant ×8
    65. Wind
    66. ValiantValiant ×2
    67. Cortex CommanderCortex Commander
    68. ValiantValiant
    69. FinchFinch
    70. ValiantValiant ×4
    71. Wind
    72. ValiantValiant ×4
    73. Con turret ×2
    74. ValiantValiant
    75. Con turret
    76. ValiantValiant
    77. Con turret
    78. Wind
    79. ValiantValiant ×5
    80. FinchFinch
    81. ValiantValiant ×4
    82. Wind
    83. ValiantValiant ×10
    84. Wind
    85. FinchFinch
    86. WhirlwindWhirlwind ×8
    87. Wind
    88. WhirlwindWhirlwind ×4
    89. HephaestusHeavy transport
    90. WhirlwindWhirlwind
    91. Wind
    92. WhirlwindWhirlwind ×5
    93. ValiantValiant ×4
    94. Wind
    95. ValiantValiant ×10
    96. Wind
    97. ValiantValiant ×24

Counts are medians over the build's games: half of them build more, half fewer. The example game is krtf's (48 OS, 14/10/2026); pick another.

Team trades

IN AT LEAST 30% OF ITS GAMES

You hand over

  • Finch2 Finch to Geo sea or Beach seafirst at 1:50 · in 96% of games
  • Hercules3 Light transport to Tech or Geo sea or Beach seafirst at 2:06 · in 99% of games
  • Hephaestus1 Heavy transport to Beach sea or Pond or Techfirst at 2:22 · in 71% of games

You get

  • Wind Turbine3 Wind from Beach sea or Geo seafirst at 1:37 · in 64% of games
  • Wind Turbine3 Wind from Beach sea or Geo sea or Pondfirst at 1:42 · in 46% of games
  • Construction Bot1 Con bot from Techfirst at 2:22 · in 88% of games
  • Advanced Construction Bot1 T2 con bot from Techfirst at 6:05 · in 96% of games

How it plays out

Typical game of this build, running totals by minute

Metal produced

010k20k30k
0:005:0010:0015:00

metal

Enemy metal destroyed

01k2k
0:005:0010:0015:00

metal

Own metal lost

01k2k3k
0:005:0010:0015:00

metal

1836 games.

Show as table
ByMetal produced: This buildEnemy metal destroyed: This buildOwn metal lost: This build
1:0039200
2:0092300
3:00145600
4:002052051
5:0027635173
6:003707102124
7:005089146169
8:006903190219
9:009282230271
10:0011758292379
11:0014379366535
12:0017077511778
13:00198737701089
14:002271112571687
15:002574318182435
WHAT THE NUMBERS SAY

Standard air play wins less than half its games, with very low combat losses and kills since the role mostly supports rather than fights.

  • + Own metal lost stays very low, only 2701 by 15:00.
  • + Metal production reaches 25740 by 15:00, a strong support economy.
  • − Team wins under half of games (47%).
  • − Enemy metal destroyed stays low at 2097 by 15:00, showing little direct impact.
THE EXAMPLE YOU ARE READING

krtf

48.5 OS · 14/10/2026

Open source match ↗

16 received units · includes a constructor
1537 metal received · 29033 energy received

Allied construction assistance is unknown. Timings are observations, not a promise of solo reproducibility.

Typical milestones

Aircraft Plant1:26Middle 50%: 1:14–1:35 · n=1836
Advanced Metal Extractor6:54Middle 50%: 6:27–7:26 · n=1775
Fusion Reactor10:52Middle 50%: 9:45–12:16 · n=1179

Played most by

TheGeneraI114games of this buildDad_The_Speedrunner72games of this buildHunfore62games of this buildDRM52games of this buildMilkdragon52games of this build